 Dungeon Crawl Stone Soup version 0.30-a0-870-gc5d4c5acee (webtiles) character file.

Game seed: 18307116863370502506

94 cforsyth the Trooper (level 4, 0/38 HPs)
             Began as a Barachi Fighter on Mar 12, 2023.
             Slain by a worm (6 damage)
             ... on level 2 of the Dungeon.
             The game lasted 00:03:50 (1348 turns).

cforsyth the Trooper (Barachi Fighter)              Turns: 1348, Time: 00:03:51

Health: 0/38       AC:  8    Str: 20    XL:     4   Next: 63%
Magic:  4/4        EV:  9    Int:  8    God:
Gold:   56         SH:  4    Dex: 11    Spells: 3/3 levels left

rFire   . . .      SeeInvis .    a - +0 war axe
rCold   . . .      Faith    .    c - +0 buckler
rNeg    . . .      Spirit   .    b - +0 scale mail
rPois   .          Reflect  .    (no helmet)
rElec   .          Rampage  .    (no cloak)
rCorr   +                        (no gloves)
Will    .....                    m - +0 pair of boots Stlth
                                 (no amulet)
HPRegen 0.26/turn                k - ring of resist corrosion
MPRegen 0.09/turn                (no ring)

@: slow
A: amphibious, slowness 1, strong legs 1, +LOS
a: Hop


You were on level 2 of the Dungeon.
You visited 1 branch of the dungeon, and saw 2 of its levels.

You collected 56 gold pieces.

Inventory:

Hand Weapons
 a - a +0 war axe (weapon)
Armour
 b - a +0 scale mail (worn)
 c - a +0 buckler (worn)
 m - a +0 pair of boots (worn)
Jewellery
 k - a ring of resist corrosion (left hand)
 o - a ring of flight
Scrolls
 e - a scroll of fear
 g - a scroll of brand weapon {unknown}
 h - a scroll of teleportation {unknown}
 i - a scroll of amnesia {unknown}
 j - a scroll of magic mapping {unknown}
 l - 2 scrolls of noise {unknown}
 q - a scroll of identify {unknown}
Potions
 d - 2 potions of might
 f - a potion of magic {unknown}
 n - a potion of mutation {unknown}
 p - a potion of curing


   Skills:
 + Level 4.5 Fighting
 + Level 3.2 Axes
 + Level 4.4 Armour
 - Level 3.8 Shields


You had 3 spell levels left.
You didn't know any spells.
Your spell library was empty.

Dungeon Overview and Level Annotations

Branches:
Dungeon (2/15)

Altars:
The Shining One

Shops:
D:2 ?*(((


Innate Abilities, Weirdness & Mutations

You are amphibious.
You cover ground slowly.
You can hop short distances.
You have an extended range of vision and can be seen from far away.


Message History

The orc is almost dead.
The orc hits you but does no damage.
You closely miss the orc.
The orc is almost dead.
The orc closely misses you.
You slash the orc!
You kill the orc!
You hit the orc. You block the orc's attack.
You barely miss the orc.
The orc is almost dead.
The orc hits you with a +0 club.
* * * LOW HITPOINT WARNING * * *
The orc hits you with a +0 club.
* * * LOW HITPOINT WARNING * * *
You barely miss the orc.
The orc is almost dead.
The orc hits you but does no damage.
You slash the orc!
You kill the orc!
Okay, then.
It was a potion of curing.
You feel better.
The orc priest miscasts a cantrip.
Items here: ))) ? [ ††.
The orc priest mumbles some strange prayers to Beogh against you.
You barely resist. You block the worm's attack.
The orc priest invokes the aid of Beogh against you.
Pain shoots through your body!
You closely miss the orc priest. You hit the worm.
The orc priest casts a cantrip, but nothing happens.
The worm bites you. The orc priest hits you with a +0 club.
You closely miss the orc priest. You hit the worm.
The orc priest mumbles some strange prayers to Beogh against you.
Pain shoots through your body!
* * * LOW HITPOINT WARNING * * *
The worm bites you.
* * * LOW HITPOINT WARNING * * *
You feel better. The orc priest hits you with a +0 club.
* * * LOW HITPOINT WARNING * * *
The worm bites you.
You die...

######.###.#.####################
........##...# ..........#..#
.......##.##.# ############
.......##.##.# #..........#
.......##....# #..........#
....[..#####.####..........#
.......#####.....∩.........#
.......#.......o@w.........#
.......#......†#..)........#
.......#.......##.)#########
######+####...o.$oo. ...##o....
...... ... #.....## . #....##
####.#


You could see a worm and an orc priest.

Vanquished Creatures
  An orc priest (D:2)
  2 adders (D:2)
  A dart slug (D:1)
  3 orcs (D:2)
  4 bats
  3 endoplasms
  A giant cockroach (D:2)
  6 goblins
  3 hobgoblins (D:2)
  7 ball pythons
  4 frilled lizards
  7 kobolds
42 creatures vanquished.

Notes
Turn   | Place    | Note
-------+----------+-------------------------------------------
     0 | D:1      | cforsyth the Barachi Fighter began the quest for the Orb.
     0 | D:1      | Reached XP level 1. HP: 18/18 MP: 1/1
    83 | D:1      | Found a glowing golden altar of the Shining One.
   144 | D:1      | Reached XP level 2. HP: 24/25 MP: 2/2
   795 | D:2      | Found Dirif's Magic Scroll Emporium.
   815 | D:2      | Reached XP level 3. HP: 16/30 MP: 3/3
   876 | D:2      | Found Hyinkuaxu's General Store.
  1143 | D:2      | Found Esima's Antique Weapon Shoppe.
  1163 | D:2      | Found Figorav's Weapon Emporium.
  1298 | D:2      | Found Qorchez's Weapon Shoppe.
  1308 | D:2      | Reached XP level 4. HP: 37/37 MP: 4/4
  1348 | D:2      | Slain by a worm

Illustrated notes

Levels and vault maps discovered:
D:1:      dpeg_arrival_water_altar, layout_loops_corners
D:2:      minmay_door_path, layout_basic, serial_shops, shop,
          nicolae_shop_window_shopping, shop, shop, shop_statue

Skill      XL: |  1  2  3 |
---------------+----------+-----
Fighting       | 4 |  4.5
Armour         | 4 |  4.4
Axes           | 3 |  3.2
Shields        | |  3.8

Action                     |  1- 3 |  4- 6 || total
---------------------------+-------+-------++-------
  Melee: War axe           |   115 |    21 ||   136
    Use: Potion            |       |     2 ||     2
         Scroll            |       |     1 ||     1
 Armour: Scale mail        |    74 |     8 ||    82
  Dodge: Dodged            |    53 |     5 ||    58
  Block: Buckler           |    30 |     3 ||    33

Table legend: (Time is in decaauts)
 A = Elapsed time spent in this place.
 B = Non-inter-level travel time spent in this place.
 C = Inter-level travel time spent in this place.
 D = Time resting spent in this place.
 E = Time spent auto-exploring this place.
 F = Levels seen in this place.
 G = Mean time per level.
                   A        B        C        D        E       F      G
               +--------+--------+--------+--------+--------+-----+--------+
         Total |   1611 |   1580 |     31 |      5 |   1233 |   2 |  805.5 |
       Dungeon |   1611 |   1580 |     31 |      5 |   1233 |   2 |  805.5 |
               +--------+--------+--------+--------+--------+-----+--------+

Top non-repeatable levels by time:
     D:1: 949 daAuts
     D:2: 662 daAuts
